 Dungeon Crawl Stone Soup version 0.31-a0-662-g684573625c (webtiles) character file.

Game seed: 12109009987684820632

1388155 Midn8 the Ice Dragon (level 24, 141/205 (224) HPs)
             Began as a White Draconian Venom Mage on Aug 31, 2023.
             Was the Champion of Ru.
             Escaped with the Orb
             ... and 3 runes!
             The game lasted 04:03:10 (94798 turns).

Midn8 the Ice Dragon (White Draconian Venom Mage)  Turns: 94798, Time: 04:03:11

HP:   141/205 (224) AC: 22    Str:  9      XL:     24   Next: 54%
MP:   45/45         EV: 11    Int: 21 (23) God:    Ru [******]
Gold: 3557          SH:  0    Dex:  9 (12) Spells: 14/60 levels left

rFire   + . .        c - staff of cold
rCold   + + +        (shield unavailable)
rNeg    . . .        (body armour unavailable)
rPois   .            (helmet restricted)
rElec   +            P - +2 cloak {rCorr}
rCorr   +            V - +2 pair of gloves {Stlth+}
SInv    .            b - +3 pair of mountain boots {steadfast, rC+}
Will    ++...        H - amulet of magic regeneration
Stlth   +            (ring unavailable)
HPRegen 0.54/turn    W - ring of protection from fire
MPRegen 0.69/turn

%: no passive effects
@: drained
A: breathe frost, AC +12, unfitting armour, cold resistance 1, dopey 1, weak 2,
cold-blooded, missing a hand, inability to train dodging, frail 1, strong-willed
1, electricity resistance
0: Orb of Zot
}: 3/15 runes: barnacled, silver, gossamer
a: Breathe Frost, Renounce Religion, Draw Out Power, Power Leap, Apocalypse


You escaped.
You worshipped Ru.
Ru was exalted by your worship.
You visited 10 branches of the dungeon, and saw 48 of its levels.
You also visited: Wizlab.

You collected 6391 gold pieces.
You spent 2834 gold pieces at shops.

Inventory:

Missiles
 l - 13 javelins
 v - 9 curare-tipped darts
 G - 23 poisoned darts
 M - 7 throwing nets
Armour
 b - the +3 pair of mountain boots (worn) {steadfast, rC+}
   (You found it on level 4 of the Shoals)

   Steadfast: It prevents involuntary movement, except for blinking,
   teleportation, or banishment.
   rC+:       It protects you from cold.
 P - a +2 cloak of preservation (worn)
 V - a +2 pair of gloves of stealth (worn)
Magical Staves
 c - a staff of cold (weapon)
Jewellery
 n - the ring "Agruzel" {Ice rElec Dex+4}
   (You took it off a deep elf blademaster on level 3 of the Elven Halls)

   [ring of ice]

   Ice:       It enhances your ice magic.
   Dex+4:     It affects your dexterity (+4).
   rF-:       It makes you vulnerable to fire.
   rC+:       It protects you from cold.
   rElec:     It insulates you from electricity.
 s - a ring of wizardry
 y - a +4 ring of protection
 H - an amulet of magic regeneration (around neck)
 W - a ring of protection from fire (right hand)
Wands
 m - a wand of digging (8)
 w - a wand of roots (85)
 C - a wand of polymorph (29)
 I - a wand of light (16)
 O - a wand of mindburst (42)
 Q - a wand of charming (11)
 Z - a wand of flame (83)
Scrolls
 f - 20 scrolls of teleportation
 g - 5 scrolls of brand weapon
 i - 8 scrolls of blinking
 k - 7 scrolls of immolation
 o - 4 scrolls of vulnerability
 p - 5 scrolls of fear
 q - 2 scrolls of butterflies
 x - 2 scrolls of amnesia
 A - 4 scrolls of revelation
 L - 16 scrolls of identify
 N - 6 scrolls of fog
 R - 3 scrolls of silence
 U - 4 scrolls of poison
Potions
 a - 2 potions of magic
 d - 3 potions of ambrosia
 e - 4 potions of berserk rage
 h - 7 potions of brilliance
 t - 13 potions of heal wounds
 u - 7 potions of enlightenment
 z - 10 potions of curing
 D - 2 potions of invisibility
 E - 10 potions of mutation
 F - 10 potions of might
 J - 6 potions of lignification
 S - 2 potions of resistance
 X - 11 potions of haste
 Y - 2 potions of cancellation
Miscellaneous
 j - a phantom mirror
 r - a box of beasts
 B - a lightning rod (4/4)
 K - a tin of tremorstones (2/2)
 T - a phial of floods


   Skills:
 O Level 27 Fighting
 - Level 4.0 Staves
 - Level 1.7 Stealth
 + Level 18.5 Spellcasting
 - Level 7.0 Conjurations
 - Level 14.0 Transmutations
 O Level 27 Ice Magic
 - Level 2.0 Air Magic
 - Level 14.0 Poison Magic
 - Level 14.0 Evocations


You had 14 spell levels left.
You knew the following spells:

 Your Spells              Type           Power      Damage    Failure   Level
b - Eringya's Noxious Bo  Tmut/Pois      33%        4d6       1%          6
c - Mephitic Cloud        Conj/Pois/Air  51%        N/A       1%          3
d - Irradiate             Conj/Tmut      29%        3d21      1%          5
f - Ozocubu's Refrigerat  Ice            57%        4d20      1%          7
g - Olgreb's Toxic Radia  Pois           67%        N/A       1%          4
p - Apportation           Tloc           38%        N/A       2%          1
r - Frozen Ramparts       Ice            100%       1d16      0%          3
s - Freezing Cloud        Conj/Ice/Air   40%        6-21      1%          5
v - Polar Vortex          Ice            57%        12d7*     4%          9
z - Ozocubu's Armour      Ice            100%       N/A       0%          3

Your spell library contained the following spells:

 Spells                   Type           Power      Damage    Failure   Level
 Freeze                   Ice            100%       1d10      0%          1
 Sting                    Tmut/Pois      100%       1d8       0%          1
 Ensorcelled Hibernation  Hex/Ice        100%       N/A       0%          2
 Wereblood                Tmut           67%        N/A       0%          2
 Hailstorm                Conj/Ice       94%        3d19      0%          3
 Magic Dart               Conj           100%       1d8       1%          1
 Cigotuvi's Dreadful Rot  Necr/Pois/Air  82%        N/A       1%          2
 Poisonous Vapours        Pois/Air       100%       N/A       1%          2
 Searing Ray              Conj           96%        2d7       1%          2
 Static Discharge         Conj/Air       76%        2-6/arc   1%          2
 Dazzling Flash           Conj/Hex       68%        N/A       1%          3
 Ignite Poison            Fire/Tmut/Pois 55%        N/A       1%          3
 Petrify                  Tmut/Erth      48%        N/A       1%          4
 Summon Ice Beast         Ice/Summ       85%        N/A       1%          4
 Alistair's Intoxication  Tmut/Pois      44%        N/A       1%          5
 Simulacrum               Ice/Necr       42%        N/A       1%          6
 Necrotise                Necr           76%        1d7       2%          1
 Summon Small Mammal      Summ           76%        N/A       2%          1
 Blink                    Tloc           38%        N/A       4%          2
 Call Imp                 Summ           38%        N/A       4%          2
 Sublimation of Blood     Necr           19%        N/A       4%          2
 Iskenderun's Battlesphe  Conj           48%        2d10      4%          5
 Yara's Violent Unravell  Hex/Tmut       24%        3d11      4%          5
 Flame Wave               Conj/Fire      34%        2d10      6%          4
 Fulminant Prism          Conj/Hex       17%        3d10      6%          4
 Iskenderun's Mystic Bla  Conj/Tloc      34%        2d8       6%          4
 Sticky Flame             Conj/Fire      34%        2d5       6%          4
 Gell's Gravitas          Tloc           19%        N/A       9%          3
 Inner Flame              Hex/Fire       19%        N/A       9%          3
 Portal Projectile        Hex/Tloc       38%        N/A       9%          3
 Teleport Other           Tloc           19%        N/A       9%          3
 Tukima's Dance           Hex            19%        N/A       9%          3
 Volatile Blastmotes      Fire/Tloc      38%        2d13      9%          3
 Airstrike                Air            13%        2d(2-18)  12%         4
 Summon Lightning Spire   Summ/Air       23%        N/A       19%         4
 Fireball                 Conj/Fire      17%        3d9       19%         5
 Anguish                  Hex/Necr       9%         N/A       26%         4
 Animate Dead             Necr           19%        N/A       26%         4
 Cause Fear               Hex            9%         N/A       26%         4
 Dispel Undead            Necr           19%        3d11      26%         4
 Manifold Assault         Tloc           19%        N/A       26%         4
 Silence                  Hex/Air        11%        N/A       45%         5
 Conjure Ball Lightning   Conj/Air       19%        3x3d6     54%         6
 Agony                    Necr           19%        N/A       58%         5
 Borgnjor's Vile Clutch   Necr/Erth      9%         N/A       58%         5
 Lee's Rapid Deconstruct  Erth           9%         3d7*      58%         5
 Summon Forest            Summ/Tloc      9%         N/A       58%         5
 Summon Mana Viper        Hex/Summ       19%        N/A       58%         5
 Orb of Destruction       Conj           24%        9d9       78%         7
 Death Channel            Necr           9%         N/A       99%         6
 Dispersal                Tloc           9%         N/A       99%         6
 Enfeeble                 Hex            9%         N/A       100%        7
 Haunt                    Necr/Summ      9%         N/A       100%        7
 Malign Gateway           Summ/Tloc      9%         N/A       100%        7
 Monstrous Menagerie      Summ           9%         N/A       100%        7
 Summon Hydra             Summ           9%         N/A       100%        7
 Ignition                 Fire           9%         3d5       100%        8
 Infestation              Necr           9%         N/A       100%        8
 Summon Horrible Things   Summ           9%         N/A       100%        8
 Animate Armour           Summ/Erth      Unusable   N/A       N/A         4

Dungeon Overview and Level Annotations

Branches:
Dungeon (15/15)            Temple (1/1) D:4            Lair (5/5) D:8
 Shoals (4/4) Lair:2       Spider (4/4) Lair:3        Slime (0/5) Lair:5
    Orc (2/2) D:9             Elf (3/3) Orc:2        Vaults (5/5) D:13
  Crypt (0/3) Vaults:3     Depths (4/4) D:15            Zot (5/5) Depths:4
 WizLab (visited)

Altars:
Ashenzari
Cheibriados
Dithmenos
Elyvilon
Fedhas
Gozag
Hepliaklqana
Kikubaaqudgha
Makhleb
Nemelex Xobeh
Okawaru
Qazlal
Ru
Trog
Uskayaw
Vehumet
Wu Jian
Xom
Yredelemnul
Zin
The Shining One
Jiyva

Shops:
D:5 *   D:6 ?   Orc:2 (=:[   Vaults:1 ([:*   Vaults:3 ?   Vaults:5 :?!

Portals:
Hell: Depths:1 Depths:2 Depths:3 Depths:4
Abyss: Depths:3
Pandemonium: Depths:2 Depths:3
Ziggurat: Depths:4
Trove: Elf:3 (give +5 fire dragon scales)

Annotations:
D:3 2 transporters, pants's ghost, amateur MiFi
D:7 Menkaure
D:12 2 transporters, Newt's ghost, journeyman GrFi
Lair:3 1 exclusion
Lair:4 3 runed translucent doors, Udghoil's ghost, journeyman SpHu
Shoals:3 Roxanne
Spider:2 2 runed translucent doors, Pooter's ghost, adept MiBe
Elf:1 exclusion: dancing weapon
Elf:2 5 runed translucent doors
Vaults:3 2 runed translucent doors, Joextigh's ghost, veteran KoHu
Depths:3 2 transporters, Amikeex's ghost, adept TrMo
Zot:5 1 exclusion


Innate Abilities, Weirdness & Mutations

You can breathe waves of freezing cold which knock back foes.
Your icy white scales are hard. (AC +12)
You cannot fit into any form of body armour.
Your flesh is cold resistant. (rC+)
You are dopey. (Int -2)
You are very weak. (Str -4)
You are cold-blooded and may be slowed by cold attacks.
You are missing a hand.
You cannot train Dodging skill.
You are frail. (-10% HP)
You are strong-willed. (Will+)
You are resistant to electric shocks. (rElec)


Message History

A sun demon comes into view.
You hit the sun demon. You freeze the sun demon!!
You kill the sun demon!
A balrug comes into view.
It is wielding a +0 demon whip of electrocution.
Casting: Polar Vortex (dangerous; 4% risk of failure)
Confirm with . or Enter, or press ? or * to list all spells.
You feel a surge of power!
A great freezing vortex appears and lifts you up.
You hear a shout!
The balrug gestures at you.
The fireball explodes!
The fireball engulfs you!! You resist.
The fireball engulfs the sun demon.
The sun demon completely resists.
The sun demon hits you!!
You are engulfed in flames!
You resist.
You focus your inner power and slow the sun demon in retribution! 2 sun demons come into view.
You kill the sun demon!
You feel your intelligence returning.
You kill the sun demon! x2
The balrug gestures at you.
The fireball explodes!
The fireball engulfs you!! You resist.
The fireball engulfs the balrug.
The balrug completely resists.
You kill the balrug!
The winds around you start to calm down.
You float gracefully downwards.
(D) Dungeon (T) Temple (L) Lair (A) Shoals (N) Spider Nest (M) Slime Pits (O) Orcish Mines (E) Elven Halls (V) Vaults (C) Crypt (U) Depths (H) Hell (Z) Zot
Where to? (Tab/Enter - D:1 @ (x,y), ? - help)
You are engulfed in whirling frost.
The winds around you calm down.
There is a stone staircase leading up here.
You climb upwards.
There is a stone staircase leading down here.
Magic restored.
You see here a +0 leather armour.
There is an open door here.
There is an open door here.
There is a staircase leading out of the dungeon here.
You have escaped!

#........#
##..####.......
#........# ##.#
##.#..## ##########
#'# #.#.... ##.##
#...##. ### #...#
##>.#..
##.###...#####.....
#...#.....#........
#...#.....#........
#.@.'..8..#.##.....
#...#.....#.##.....
#...#.....#........
##.###...#######.##
### #...#.......##
##.##.####....
#+#..# ###.. #...##
#.. #..## #..


There were no monsters in sight!

Vanquished Creatures
  An ancient lich (Vaults:5)
  An orb of fire (Zot:5)
  A dread lich (Zot:5)
  Mennas (Vaults:4)
  A juggernaut (Depths:4)
  Saint Roka (Depths:2)
  7 Killer Klowns (Zot:5)
  A curse toe (Zot:3)
  3 caustic shrikes (Depths:3)
  3 golden dragons
  Nikola (Spider:2)
  2 bone dragons (Depths:4)
  A Tzitzimitl (D:9)
  A Brimstone Fiend (D:13)
  2 electric golems (Zot:5)
  3 tentacled monstrosities
  Jorgrun (Shoals:1)
  Asterion (Spider:2)
  3 liches
  A walking crystal tome (Depths:3)
  6 titans
  Zenata (Vaults:2)
  A walking earthen tome (Depths:4)
  5 quicksilver dragons
  21 Orb Guardians (Zot:5)
  2 deep elf blademasters (Elf:3)
  2 deep elf master archers (Elf:3)
  8 sphinxes
  3 acid blobs (Depths:3)
  Frances (Shoals:1)
  A kraken (Shoals:4)
  3 tengu reavers (Vaults:5)
  3 death cobs
  10 storm dragons
  Donald (Spider:2)
  5 shadow dragons
  2 draconian monks
  5 frost giants
  6 fire giants
  2 emperor scorpions (Spider:4)
  A deep elf elementalist (Elf:3)
  5 iron dragons
  11 deep elf sorcerers
  A balrug (D:2)
  2 draconian shifters
  3 draconian scorchers (Zot:3)
  7 ghost moths
  24 vault wardens
  3 orc warlords
  A formless jellyfish (Vaults:4)
  A war gargoyle (Vaults:5)
  9 ironbound preservers
  A spriggan defender (Depths:1)
  5 quicksilver oozes (Depths:3)
  2 reapers
  2 broodmothers
  4 black draconians
  8 ironbound thunderhulks
  11 stone giants
  A vampire knight (Depths:1)
  6 very ugly things
  A juggernaut skeleton (Depths:2)
  4 deep elf demonologists
  8 green draconians
  4 deep elf annihilators
  2 yellow draconians
  8 white draconians
  3 red draconians
  17 dire elephants
  2 spark wasps
  3 purple draconians
  Snorg (Lair:3)
  12 ettins
  A fire dragon (Depths:4)
  9 deep elf death magi
  A spriggan zombie (Depths:2)
  3 deep elf high priests
  20 yaktaur captains
  3 merfolk javelineers (Shoals:4)
  6 entropy weavers
  5 great orbs of eyes
  13 merfolk impalers
  A hell beast (Depths:1)
  7 ice dragons
  36 vault guards
  A peacekeeper (Vaults:3)
  5 rakshasas
  4 spriggan air magi
  A hydra (shapeshifter) (Vaults:5)
  8 ogre magi
  2 catoblepae
  6 hydras
  2 alligator snapping turtles
  3 radroaches
  10 ironbound frosthearts
  2 jorogumos (Spider:2)
  27 two-headed ogres
  5 boulder beetles
  2 merfolk avatars
  12 centaur warriors
  7 merfolk aquamancers
  11 dancing weapons
  2 satyrs
  2 spriggan berserkers
  2 vampire magi (Depths:2)
  8 death yaks (Lair:4)
  9 deep troll earth magi
  3 tengu warriors
  3 hell hogs (Depths:1)
  13 deep troll shamans
  A skyshark (shapeshifter) (Depths:2)
  4 demonic crawlers
  Nergalle (Lair:1)
  8 hell knights
  8 sun demons
  Amaemon (D:8)
  16 deep elf knights
  2 spriggans
  4 soul eaters (Depths:1)
  7 pharaoh ants
  8 iron trolls
  6 skysharks
  A sun moth (Spider:3)
  3 skeletal warriors (D:15)
  32 deep trolls
  A glowing orange brain (shapeshifter) (Vaults:5)
  4 glowing orange brains
  3 flayed ghosts
  A deep troll (shapeshifter) (D:13)
  14 sea snakes
  13 orb spiders
  An orb spider (shapeshifter) (Vaults:5)
  7 deep elf archers
  14 wizards
  11 lindwurms
  An orange crystal statue (Elf:3)
  12 steelbarb worms
  15 harpies
  Pikel (D:8)
  8 orc knights
  19 deep elf zephyrmancers
  3 necromancers
  21 ironbound convokers
  A phantasmal warrior (Vaults:5)
  31 ugly things
  22 deep elf pyromancers
  3 shining eyes (Depths:3)
  A fire giant zombie (Depths:2)
  8 fauns (Shoals:3)
  3 orc sorcerers
  15 manticores
  21 wolf spiders
  9 cyclopes
  3 rust devils
  11 moths of wrath
  A stone giant skeleton (Depths:2)
  9 merfolk sirens
  2 black mambas
  Maurice (Orc:1)
  3 smoke demons (Depths:1)
  A guardian serpent (shapeshifter) (D:12)
  11 water nymphs
  14 vault sentinels
  5 torpor snails
  An orange demon (D:8)
  2 hellions (Depths:1)
  4 gargoyles
  17 cane toads
  A torpor snail (shapeshifter) (Vaults:5)
  4 unseen horrors
  4 rime drakes
  A rime drake (shapeshifter) (D:13)
  3 kobold demonologists
  41 yaktaurs
  11 komodo dragons
  2 freezing wraiths
  2 efreet (D:14)
  5 tengu conjurers
  A red devil (Depths:3)
  20 merfolk
  3 meliai (Spider:4)
  A troll (shapeshifter) (D:13)
  9 wind drakes
  11 trolls
  6 hornets
  2 hornets (shapeshifter) (D:15)
  A merfolk (shapeshifter) (D:14)
  Grinder (D:3)
  2 polar bears
  A tarantella (shapeshifter) (D:13)
  26 tarantellas
  26 blink frogs
  5 dream sheep
  31 jumping spiders
  6 snapping turtles
  11 air elementals
  A culicivora (shapeshifter) (Vaults:5)
  2 jumping spiders (shapeshifter)
  30 water elementals
  3 shadows (D:12)
  40 slime creatures
  A vampire (D:12)
  35 culicivoras
  A fire elemental (Elf:3)
  6 wyverns
  3 basilisks
  A human (shapeshifter) (D:13)
  4 large abominations (Elf:1)
  11 wraiths
  64 yaks
  Grum (D:8)
  2 golden eyes (Depths:3)
  A golden eye (shapeshifter) (Elf:2)
  2 steam dragons
  2 basilisks (shapeshifter)
  A chaos spawn (Depths:2)
  88 redbacks
  A swamp worm (shapeshifter) (Depths:3)
  9 vampire mosquitoes
  3 wargs
  5 acid dragons
  16 water moccasins
  18 orc warriors
  A human skeleton (Depths:2)
  2 sky beasts (D:7)
  2 ice beasts
  A black bear (shapeshifter) (D:13)
  3 black bears
  12 wolves
  7 boggarts
  31 ogres
  A phantom (D:7)
  6 centaurs
  A lemure (D:8)
  A kobold brigand (D:6)
  2 elf zombies (Elf:1)
  20 bullfrogs
  4 gnoll sergeants
  3 scorpions
  2 earth elementals (Elf:1)
  4 wights (D:7)
  12 killer bees
  4 howler monkeys
  2 electric eels
  3 hounds
  5 orc priests
  A jelly (D:4)
  A sleepcap (D:7)
  6 iguanas
  17 orc wizards
  Robin (D:2)
  16 gnolls
  5 adders
  5 ufetubi
  3 worms
  4 dart slugs
  47 orcs
  7 bats
  12 endoplasms
  6 giant cockroaches
  16 goblins
  7 hobgoblins
  A jackal (D:2)
  5 quokkas
  7 ball pythons
  5 frilled lizards
  17 kobolds
  6 rats
  A tentacle (Shoals:4)
1915 creatures vanquished.

Vanquished Creatures (others)
  An orb of fire (Zot:5)
  2 Orb Guardians (Zot:5)
  A vampire knight (Depths:4)
  A hydra (Lair:5)
  A boulder beetle (D:12)
  3 centaur warriors
  A dancing weapon (Elf:3)
  A deep elf knight (Elf:1)
  A lindwurm (Vaults:1)
  2 cyclopes (D:12)
  A manticore (D:13)
  A guardian serpent (shapeshifter) (D:14)
  2 black mambas
  An unseen horror (D:12)
  A yaktaur (Vaults:3)
  A komodo dragon (Lair:2)
  A tarantella (Spider:1)
  A jumping spider (Spider:2)
  2 yaks (Lair:5)
  3 slime creatures
  A redback (shapeshifter) (Depths:4)
  2 redbacks (Spider:2)
  An acid dragon (D:12)
  A centaur (D:11)
  7 tentacles (Shoals:4)
40 creatures vanquished.

Grand Total: 1955 creatures vanquished

Notes
Turn   | Place    | Note
-------+----------+-------------------------------------------
     0 | D:1      | Midn8 the Draconian Venom Mage began the quest for the Orb.
     0 | D:1      | Reached XP level 1. HP: 14/14 MP: 3/3
   285 | D:1      | Reached XP level 2. HP: 20/20 MP: 3/5
   288 | D:1      | Learned a level 2 spell: Poisonous Vapours
   655 | D:1      | Reached XP level 3. HP: 26/26 MP: 4/7
  1749 | D:2      | Reached XP level 4. HP: 33/33 MP: 10/10
  1780 | D:2      | Reached skill level 1 in Air Magic
  1941 | D:2      | Noticed Robin
  1949 | D:2      | Killed Robin
  2334 | D:3      | Noticed Grinder
  2671 | D:3      | Found a transporter.
  2671 | D:3      | Noticed pants's ghost (amateur MiFi)
  2675 | D:3      | Found a transporter.
  2874 | D:3      | Reached skill level 1 in Fighting
  3208 | D:3      | Killed Grinder
  3209 | D:3      | Reached XP level 5. HP: 26/41 MP: 11/11
  3209 | D:3      | Reached XP level 6. HP: 31/48 MP: 12/12
  3272 | D:3      | Learned a level 3 spell: Mephitic Cloud
  3446 | D:4      | Found a staircase to the Ecumenical Temple.
  3463 | D:4      | Reached skill level 5 in Poison Magic
  3506 | Temple   | Entered the Ecumenical Temple
  3531 | Temple   | Became a worshipper of Ru the Awakened
  3559 | D:4      | You fall into a shaft and drop 2 floors!
  3577 | D:5      | Entered Level 5 of the Dungeon
  3709 | D:5      | Found a snail-covered altar of Cheibriados.
  3733 | D:5      | Found a white marble altar of Elyvilon.
  3741 | D:5      | Found an ornate altar of the Wu Jian Council.
  3863 | D:4      | Got the Omnibus of the Frosty Body
  4284 | D:4      | Learned a level 4 spell: Olgreb's Toxic Radiance
  4386 | D:4      | Your scales start taking on an icy white colour.
  4386 | D:4      | Reached XP level 7. HP: 55/55 MP: 13/13
  4386 | D:4      | Gained mutation: Your flesh is cold resistant. (rC+) [White
                  | Draconian growth]
  4654 | D:4      | Found a stormy altar of Qazlal.
  4756 | D:4      | Gained mutation: You are missing a hand. [Ru sacrifice]
  4756 | D:4      | Reached * piety under Ru
  4756 | D:4      | Reached ** piety under Ru
  4756 | D:4      | Reached *** piety under Ru
  4952 | D:5      | Found Keboov's Assorted Antiques.
  5002 | D:5      | Bought a pair of boots for 108 gold pieces
  5669 | D:5      | Reached XP level 8. HP: 61/66 MP: 13/14
  5932 | D:5      | Reached skill level 5 in Fighting
  6116 | D:5      | Found a shimmering altar of Xom.
  6398 | D:6      | Found Gorompuo's Magic Scroll Emporium.
  6406 | D:6      | Bought a scroll of enchant armour for 105 gold pieces
  6406 | D:6      | Bought a scroll of teleportation for 42 gold pieces
  6919 | D:6      | Reached skill level 10 in Poison Magic
  7028 | D:6      | Found a hide-covered altar of Uskayaw.
  7094 | D:7      | Reached XP level 9. HP: 66/75 MP: 6/15
  7333 | D:7      | Found a sparkling altar of Nemelex Xobeh.
  7564 | D:7      | Noticed Menkaure
  7621 | D:7      | Learned a level 1 spell: Apportation
  7696 | D:7      | Reached skill level 1 in Evocations
  7702 | D:7      | Gained mutation: You cannot train Dodging skill. [Ru
                  | sacrifice]
  7702 | D:7      | Reached **** piety under Ru
  7702 | D:7      | Reached ***** piety under Ru
  8226 | D:7      | Found a shadowy altar of Dithmenos.
  8491 | D:7      | Found a blossoming altar of Fedhas.
  8555 | D:7      | Reached skill level 5 in Evocations
  8620 | D:8      | Noticed Amaemon
  8620 | D:8      | Noticed an orange demon
  8621 | D:8      | Killed an orange demon
  8631 | D:8      | Killed Amaemon
  8632 | D:8      | Reached skill level 5 in Spellcasting
  8632 | D:8      | Reached XP level 10. HP: 77/86 MP: 1/18
  8807 | D:8      | Found a staircase to the Lair.
  8847 | D:8      | Learned a level 3 spell: Frozen Ramparts
  8977 | D:8      | Noticed Pikel
  8983 | D:8      | Reached skill level 1 in Ice Magic
  8992 | D:8      | Killed Pikel
  9090 | D:8      | Found an opulent altar of Gozag.
  9092 | D:8      | Found a bloodstained altar of Trog.
  9113 | D:8      | Noticed Grum
  9125 | D:8      | Killed Grum
  9126 | D:8      | Reached skill level 5 in Ice Magic
 10286 | D:9      | Found a staircase to the Orcish Mines.
 10504 | D:9      | Noticed a two-headed ogre
 10534 | D:9      | Killed a two-headed ogre
 10638 | D:9      | Learned a level 6 spell: Eringya's Noxious Bog
 10871 | D:9      | Gained mutation: You are weak. (Str -2) [Ru sacrifice]
 11034 | D:10     | Entered Level 10 of the Dungeon
 11044 | D:10     | Reached XP level 11. HP: 78/92 MP: 20/20
 11171 | D:10     | Found a glowing golden altar of the Shining One.
 11323 | D:10     | Reached skill level 5 in Transmutations
 11542 | D:10     | Found a burning altar of Makhleb.
 11542 | D:10     | Noticed a green death
 11889 | D:10     | Noticed a two-headed ogre
 11896 | D:10     | Killed a two-headed ogre
 12320 | D:11     | Noticed a two-headed ogre
 12343 | D:11     | Killed a two-headed ogre
 12597 | Orc:1    | Entered Level 1 of the Orcish Mines
 12763 | Orc:1    | Noticed an orc sorcerer
 12763 | Orc:1    | Noticed an orc knight
 12777 | Orc:1    | Killed an orc sorcerer
 12784 | Orc:1    | Killed an orc knight
 13032 | Orc:1    | Noticed Maurice
 13046 | Orc:1    | Killed Maurice
 13047 | Orc:1    | Reached skill level 10 in Transmutations
 13197 | Orc:2    | Entered Level 2 of the Orcish Mines
 13293 | Orc:2    | Noticed a boulder beetle
 13305 | Orc:2    | Killed a boulder beetle
 13306 | Orc:2    | Reached XP level 12. HP: 55/100 MP: 21/21
 13563 | Orc:2    | Gained mutation: You are dopey. (Int -2) [Ru sacrifice]
 13563 | Orc:2    | Reached ****** piety under Ru
 13596 | Orc:2    | Noticed a two-headed ogre
 13597 | Orc:2    | Noticed a two-headed ogre
 13598 | Orc:2    | Noticed an ogre mage
 13598 | Orc:2    | Noticed an ogre mage
 13599 | Orc:2    | Noticed a two-headed ogre
 13610 | Orc:2    | Killed a two-headed ogre
 13610 | Orc:2    | Killed a two-headed ogre
 13618 | Orc:2    | Killed a two-headed ogre
 13621 | Orc:2    | Killed an ogre mage
 13780 | Orc:2    | Noticed a two-headed ogre
 13780 | Orc:2    | Noticed a two-headed ogre
 13781 | Orc:2    | Noticed a two-headed ogre
 13790 | Orc:2    | Killed a two-headed ogre
 13792 | Orc:2    | Killed an ogre mage
 13792 | Orc:2    | Killed a two-headed ogre
 13793 | Orc:2    | Killed a two-headed ogre
 13801 | Orc:2    | Noticed a two-headed ogre
 13815 | Orc:2    | Killed a two-headed ogre
 13969 | Orc:2    | Noticed a two-headed ogre
 13989 | Orc:2    | Killed a two-headed ogre
 14007 | Orc:2    | Noticed a two-headed ogre
 14015 | Orc:2    | Killed a two-headed ogre
 14081 | Orc:2    | Noticed a two-headed ogre
 14096 | Orc:2    | Killed a two-headed ogre
 14101 | Orc:2    | Noticed a two-headed ogre
 14112 | Orc:2    | Killed a two-headed ogre
 14395 | Orc:2    | Found a staircase to the Elven Halls.
 14499 | Orc:2    | Noticed an ogre mage
 14504 | Orc:2    | Paralysed by an ogre mage for 4 turns
 14514 | Orc:2    | Killed an ogre mage
 15343 | Orc:2    | Noticed a two-headed ogre
 15373 | Orc:2    | Killed a two-headed ogre
 15374 | Orc:2    | Reached XP level 13. HP: 105/105 MP: 25/25
 15499 | Orc:2    | Paralysed by something for 2 turns
 15636 | Orc:2    | Found Rix Mupn's Antique Weapon Boutique.
 15636 | Orc:2    | Found Noicw's Book Emporium.
 15637 | Orc:2    | Found Xeufov's Jewellery Emporium.
 15637 | Orc:2    | Found Geijesu's Armour Shop.
 16017 | D:11     | Found a snail-covered altar of Cheibriados.
 16483 | Lair:1   | Entered Level 1 of the Lair of Beasts
 17236 | Lair:1   | Noticed Nergalle
 17245 | Lair:1   | Killed Nergalle
 18803 | Lair:2   | Found a staircase to the Shoals.
 19341 | Lair:2   | Identified the +8 mace of Exchange {freeze, rElec rPois
                  | Str+3}
 19912 | Lair:3   | Found a hole to the Spider Nest.
 20064 | Lair:3   | Noticed Snorg
 20076 | Lair:3   | Killed Snorg
 20493 | D:6      | Bought a scroll of revelation for 105 gold pieces
 20493 | D:6      | Bought a scroll of silence for 133 gold pieces
 20493 | D:6      | Bought a scroll of identify for 28 gold pieces
 20493 | D:6      | Bought a scroll of identify for 28 gold pieces
 20493 | D:6      | Bought a scroll of identify for 28 gold pieces
 20493 | D:6      | Bought a scroll of identify for 28 gold pieces
 20496 | D:6      | Identified a scroll of acquirement
 20497 | D:6      | Acquired 934 gold pieces
 20611 | Orc:2    | Bought Ozocubu's Autobiography for 384 gold pieces
 20615 | Orc:2    | Learned a level 3 spell: Ozocubu's Armour
 20820 | Lair:3   | You fall into a shaft and drop 2 floors!
 20820 | Lair:5   | Entered Level 5 of the Lair of Beasts
 20828 | Lair:5   | Reached XP level 14. HP: 114/118 MP: 18/27
 21053 | Lair:4   | Reached skill level 10 in Spellcasting
 21949 | Lair:4   | Identified the +9 spear "Teitemod" {speed, Dex+4}
 21957 | Lair:4   | Found a runed translucent gate.
 21957 | Lair:4   | Found a runed translucent gate.
 21957 | Lair:4   | Found a runed translucent gate.
 21962 | Lair:4   | Noticed Udghoil's ghost (journeyman SpHu)
 22003 | Lair:4   | Reached skill level 10 in Ice Magic
 22648 | Lair:5   | Reached skill level 10 in Fighting
 22724 | Lair:5   | Gained mutation: You are resistant to electric shocks.
                  | (rElec) [potion of mutation]
 22724 | Lair:5   | Gained mutation: You sometimes lose your temper in combat.
                  | [potion of mutation]
 22724 | Lair:5   | Lost mutation: You sometimes lose your temper in combat.
                  | [potion of mutation]
 22724 | Lair:5   | Gained mutation: You are strong-willed. (Will+) [potion of
                  | mutation]
 23452 | Lair:5   | Found a staircase to the Slime Pits.
 23678 | Lair:5   | Identified the +0 helmet "Sudd" {*Slow rPois Will- Stlth+}
 23992 | Lair:5   | Identified the +8 trident "Rupruhuo" {flame, rF+ Str+4}
 24701 | D:12     | Identified the +11 great mace of Vaod Akk {flame, Fragile
                  | rPois Int+3 SInv}
 24702 | D:12     | Found a transporter.
 24749 | D:12     | Found a transporter.
 24750 | D:12     | Noticed Newt's ghost (journeyman GrFi)
 25160 | D:11     | Reached XP level 15. HP: 86/135 MP: 23/29
 26586 | D:12     | Identified the +6 scimitar "Buiviop" {heavy, rC+}
 26588 | D:12     | Identified the +1 ring mail of Ytalluno {Dex+4}
 26669 | D:12     | Got the Omnibus of the Flaming Serac
 28429 | D:13     | Found a gate to the Vaults.
 28969 | D:13     | Learned a level 7 spell: Ozocubu's Refrigeration
 30320 | D:14     | Identified the +1 robe of Unreason {Int+5 Stlth-}
 31332 | D:14     | Reached skill level 15 in Ice Magic
 31548 | D:15     | Entered Level 15 of the Dungeon
 31834 | D:15     | Found a staircase to the Depths.
 32125 | D:15     | Reached XP level 16. HP: 146/146 MP: 8/30
 33832 | Spider:1 | Entered Level 1 of the Spider Nest
 37598 | Spider:2 | Found a large runed translucent door.
 37598 | Spider:2 | Found a large runed translucent door.
 37601 | Spider:2 | Noticed Pooter's ghost (adept MiBe)
 38372 | Spider:2 | Noticed Donald
 38381 | Spider:2 | Killed Donald
 38488 | Spider:2 | Noticed Asterion
 38501 | Spider:2 | Killed Asterion
 38502 | Spider:2 | Reached skill level 10 in Evocations
 38678 | Spider:2 | You fall into a shaft and drop 1 floor!
 39299 | Spider:2 | Noticed Nikola
 39317 | Spider:2 | Killed Nikola
 39885 | Spider:3 | Reached skill level 15 in Fighting
 39885 | Spider:3 | Reached XP level 17. HP: 156/156 MP: 6/31
 42522 | Spider:4 | Entered Level 4 of the Spider Nest
 45721 | Shoals:1 | Entered Level 1 of the Shoals
 45876 | Shoals:1 | Noticed Jorgrun
 45882 | Shoals:1 | Killed Jorgrun
 46135 | Shoals:1 | Noticed Frances
 46139 | Shoals:1 | Killed Frances
 46263 | Lair:2   | Upgraded the game from 0.31-a0-656-gb4d89c20fa to
                  | 0.31-a0-662-g684573625c
 46537 | Shoals:1 | Reached skill level 1 in Staves
 46991 | Spider:4 | Found the sphere of Battle
 47609 | Spider:4 | Got a gossamer rune of Zot
 48391 | Shoals:1 | Learned a level 5 spell: Irradiate
 48620 | Shoals:2 | Reached skill level 1 in Conjurations
 49219 | Shoals:2 | Reached XP level 18. HP: 117/151 MP: 4/34
 49755 | Shoals:2 | Reached skill level 5 in Conjurations
 52307 | Shoals:3 | Noticed Roxanne
 52984 | Shoals:4 | Entered Level 4 of the Shoals
 53391 | Shoals:4 | Learned a level 5 spell: Freezing Cloud
 54299 | Shoals:4 | Found a stormy altar of Qazlal.
 55108 | Shoals:4 | Paralysed by an air elemental for 1 turns
 55750 | Shoals:4 | Paralysed by an air elemental for 1 turns
 56599 | Shoals:4 | Found the +3 pair of mountain boots {steadfast, rC+}
 56621 | Shoals:4 | Got a barnacled rune of Zot
 57438 | Vaults:1 | Entered Level 1 of the Vaults
 58714 | Vaults:1 | Found Isuep's Book Shop.
 59026 | Vaults:1 | Found Mukionk's Weapon Emporium.
 59234 | Vaults:1 | Found Zoschofa's General Store.
 59271 | Vaults:1 | Found Kaqekono's Armour Emporium.
 59403 | Vaults:1 | Reached XP level 19. HP: 176/180 MP: 15/37
 60588 | Vaults:2 | Noticed Zenata
 60597 | Vaults:2 | Killed Zenata
 60923 | Vaults:2 | Found a magical portal.
 60932 | WizLab   | Entered Wucad Mu's Monastery
 64608 | Vaults:3 | Found Jaene Ysoi's Magic Scroll Shoppe.
 64616 | Vaults:3 | Bought a scroll of teleportation for 48 gold pieces
 64616 | Vaults:3 | Bought a scroll of teleportation for 48 gold pieces
 64616 | Vaults:3 | Bought a scroll of teleportation for 48 gold pieces
 64616 | Vaults:3 | Bought a scroll of fear for 64 gold pieces
 65888 | Vaults:1 | Bought a book of Ice for 950 gold pieces
 65900 | Vaults:1 | Learned a level 9 spell: Polar Vortex
 66383 | Vaults:3 | Found a staircase to the Crypt.
 66383 | Vaults:3 | Found an ancient bone altar of Kikubaaqudgha.
 66524 | Vaults:3 | Found a basalt altar of Yredelemnul.
 66810 | Vaults:3 | Identified the +2 pair of boots "Kure" {Contam rN+++ Dex-3}
 67010 | Vaults:3 | Reached XP level 20. HP: 173/191 MP: 21/38
 67212 | Vaults:3 | Found a large runed translucent door.
 67212 | Vaults:3 | Found a large runed translucent door.
 67432 | Vaults:3 | Noticed Joextigh's ghost (veteran KoHu)
 69295 | Vaults:4 | Noticed Mennas
 69302 | Vaults:4 | Killed Mennas
 70657 | Elf:1    | Entered Level 1 of the Elven Halls
 72070 | Elf:1    | Got the Compendium of the Mortuary
 73216 | Elf:2    | Found an ancient bone altar of Kikubaaqudgha.
 74377 | Elf:2    | Found a huge runed translucent gate.
 74377 | Elf:2    | Found a huge runed translucent gate.
 74383 | Elf:2    | Found a huge runed translucent gate.
 74384 | Elf:2    | Found a huge runed translucent gate.
 74384 | Elf:2    | Found a huge runed translucent gate.
 74426 | Elf:3    | Entered Level 3 of the Elven Halls
 74462 | Elf:3    | Found a portal to a secret trove of treasure.
 75378 | Elf:3    | Reached XP level 21. HP: 191/198 MP: 29/39
 75760 | Elf:3    | Paralysed by an air elemental for 1 turns
 75869 | Elf:3    | Identified the ring "Agruzel" {Ice rElec Dex+4}
 76010 | Elf:3    | Identified the +1 ring mail of a treasure trove {rF+ Regen+
                  | Slay+3 Stlth+}
 76011 | Elf:3    | Identified the +9 flail of Minercho {holy, +Blink rF+ Str+4
                  | Int+3}
 76150 | Elf:3    | Identified the +0 long sword "Newt's Death" {pain, rPois
                  | rC+}
 77051 | Elf:3    | Identified the +2 scale mail of Fortitude {Int+2}
 77194 | Elf:3    | Identified the +1 quick blade "Beetlebane" {flame, rN+
                  | rCorr Str+3}
 77715 | Depths:1 | Entered Level 1 of the Depths
 77985 | Depths:1 | Reached skill level 27 in Ice Magic
 79195 | Depths:1 | Found a gateway to Hell.
 79865 | Depths:1 | Identified the staff "Zyptun" {rC+ rCorr Int-4 SInv Ice}
 81184 | Depths:2 | Noticed Saint Roka
 81190 | Depths:2 | Killed Saint Roka
 81191 | Depths:2 | Reached skill level 15 in Spellcasting
 81403 | Depths:2 | Found a shimmering altar of Xom.
 81406 | Depths:2 | Found a bloodstained altar of Trog.
 81406 | Depths:2 | Found an ancient bone altar of Kikubaaqudgha.
 81408 | Depths:2 | Found a burning altar of Makhleb.
 81408 | Depths:2 | Found a white marble altar of Elyvilon.
 81408 | Depths:2 | Found a shimmering altar of Xom.
 81499 | Depths:2 | Found a one-way gate leading to the halls of Pandemonium.
 81962 | Depths:3 | Found a one-way gate to the infinite horrors of the Abyss.
 82228 | Depths:3 | Found a viscous altar of Jiyva.
 82233 | Depths:3 | Reached XP level 22. HP: 215/215 MP: 11/41
 82453 | Depths:3 | Noticed Amikeex's ghost (adept TrMo)
 82454 | Depths:3 | Noticed an ancient lich
 82459 | Depths:3 | Noticed a dread lich
 82728 | Depths:3 | Noticed a caustic shrike
 82932 | Depths:3 | Noticed a caustic shrike
 82940 | Depths:3 | Killed a caustic shrike
 82950 | Depths:3 | Noticed a caustic shrike
 82957 | Depths:3 | Killed a caustic shrike
 83107 | Depths:3 | Killed a caustic shrike
 83579 | Depths:3 | Found a transporter.
 83586 | Depths:3 | Found a transporter.
 83679 | Depths:4 | Entered Level 4 of the Depths
 83694 | Depths:4 | Noticed a juggernaut
 84036 | Depths:4 | Found a radiant altar of Vehumet.
 84197 | Depths:4 | Killed a juggernaut
 84756 | Depths:4 | Found a gate to the Realm of Zot.
 84756 | Depths:4 | Noticed a golden dragon
 84771 | Depths:4 | Killed a golden dragon
 85173 | Depths:4 | Found a one-way gateway to a ziggurat.
 85221 | Depths:4 | Noticed a golden dragon
 85230 | Depths:4 | Killed a golden dragon
 86214 | Vaults:5 | Entered Level 5 of the Vaults
 86373 | Vaults:5 | Noticed an ancient lich
 86676 | Vaults:5 | Reached XP level 23. HP: 179/228 MP: 26/45
 86695 | Vaults:5 | Identified the +6 battleaxe of Cusoqaw {holy, rElec Will+++
                  | rCorr Str-4}
 88207 | Vaults:5 | Got a silver rune of Zot
 88629 | Vaults:5 | Identified the +12 chain mail of Orthodoxy {Will- Regen+
                  | Int+7}
 88846 | Vaults:5 | Killed an ancient lich
 89437 | Vaults:5 | Found Ysyic's Magic Scroll Emporium.
 89437 | Vaults:5 | Found Diqakehuj's Book Shop.
 89442 | Vaults:5 | Bought a scroll of teleportation for 51 gold pieces
 89442 | Vaults:5 | Bought a scroll of teleportation for 51 gold pieces
 89456 | Vaults:5 | Found Toyked's Distillery.
 89461 | Vaults:5 | Bought a potion of cancellation for 120 gold pieces
 89461 | Vaults:5 | Bought a potion of haste for 150 gold pieces
 89461 | Vaults:5 | Bought a potion of heal wounds for 75 gold pieces
 89461 | Vaults:5 | Bought a potion of invisibility for 120 gold pieces
 89461 | Vaults:5 | Bought a potion of mutation for 120 gold pieces
 90184 | Zot:1    | Entered Level 1 of the Realm of Zot
 90266 | Zot:3    | Noticed a curse toe
 90554 | Zot:3    | Killed a curse toe
 91127 | Zot:5    | Entered Level 5 of the Realm of Zot
 92633 | Zot:3    | Reached skill level 27 in Fighting
 92838 | Zot:5    | Reached XP level 24. HP: 249/249 MP: 36/45
 92886 | Zot:5    | Noticed a dread lich
 92902 | Zot:5    | Killed a dread lich
 92941 | Zot:5    | Noticed a Killer Klown
 92942 | Zot:5    | Noticed a Killer Klown
 92945 | Zot:5    | Noticed a Killer Klown
 92946 | Zot:5    | Killed a Killer Klown
 92947 | Zot:5    | Killed a Killer Klown
 92969 | Zot:5    | Noticed an orb of fire
 92970 | Zot:5    | Killed a Killer Klown
 92971 | Zot:5    | Gained mutation: You are frail. (-10% HP) [an orb of fire]
 92972 | Zot:5    | Gained mutation: You are very weak. (Str -4) [an orb of
                  | fire]
 92974 | Zot:5    | Killed an orb of fire
 93073 | Zot:5    | Noticed an orb of fire
 93082 | Zot:5    | Killed an orb of fire
 93482 | Zot:5    | Noticed a Killer Klown
 93486 | Zot:5    | Noticed a Killer Klown
 93488 | Zot:5    | Killed a Killer Klown
 93566 | Zot:5    | Killed a Killer Klown
 93772 | Zot:5    | Noticed a Killer Klown
 93778 | Zot:5    | Killed a Killer Klown
 94086 | Zot:5    | Noticed a dread lich
 94106 | Zot:5    | Noticed a Killer Klown
 94114 | Zot:5    | Killed a Killer Klown
 94248 | Zot:5    | Got the Orb of Zot
 94798 | D:$      | Escaped with the Orb!

Illustrated notes

Levels and vault maps discovered:
D:1:      minmay_arrival_shattered_statue, layout_rooms, minmay_tall_x
D:2:      layout_basic, corexii_item_surrounded_by_moat, st_stairs_7,
          chequers_serial_rivers_micro_c, solitary_fountain, solitary_fountain,
          minmay_indecisive_spiral, uniq_robin
D:3:      layout_loops_ring, gammafunk_ghost_arena, uniq_grinder
D:4:      layout_basic, nicolae_qazlal_eye_of_the_storm,
          minmay_temple_entry_glass
D:5:      layout_cave_pools, minitemple, kennysheep_little_box,
          serial_gnoll_camp, gnoll_camp_mini_hut, gnoll_camp_mini_sergeant,
          gnoll_camp_mini_loothouse, gnoll_camp_mini_shop,
          kennysheep_generic_room_3
D:6:      layout_rooms, nicolae_uskayaw_dance_hall, serial_shops, shop,
          kennysheep_generic_room_16
D:7:      layout_gridville, mainiacjoe_overflow_alcove_1,
          mainiacjoe_overflow_alcove_2, grunt_dithmenos_shadows, uniq_menkaure,
          uniq_maggie
D:8:      layout_cave_pods, nicolae_gozag_cash_rules_everything_around_me,
          kennysheep_mini_moat, dpeg_oklobed_lair, uniq_grum, uniq_pikel,
          uniq_amaemon
D:9:      layout_stronghold, orc_0_dummy
D:10:     minmay_inner_zag, layout_cave_pools, palyth_temple_overflow_mages,
          makhleb_altar_promises_db, kennysheep_mini
D:11:     layout_roguey, slow_altar_1
D:12:     minmay_the_grid_4x2 [minmay_the_grid_tri_star,
          minmay_the_grid_spin_star, minmay_the_grid_embedded,
          minmay_the_grid_tiny_cups, minmay_the_grid_rooms,
          minmay_the_grid_small_cups, minmay_the_grid_minigrid_large,
          minmay_the_grid_prize_trominoes], layout_cave_pools,
          gammafunk_ghost_smash
D:13:     cheibrodos_ideogram_h, layout_layer_cave, david_vaults_2
D:14:     layout_stronghold, dreamdust_wishing_well
D:15:     grunt_enter_depths_giant_problem, layout_loops_cross,
          serial_park_fountain, chequers_serial_rivers_micro_c, chequers_avenue
Temple:   hellmonk_temple_beads
Lair:1:   layout_layer_cave, grunt_megastairs_2, uniq_nergalle
Lair:2:   layout_gridlike, elwin_shoals_entry_rooms
Lair:3:   layout_regular_city, hellmonk_spider_entry_life_and_decay,
          hellmonk_ghost_happy_afterlife, uniq_snorg
Lair:4:   layout_regular_city, gammafunk_ghost_necromancy, grunt_megastairs_1,
          serial_bayou_shore_b, lemuel_fruit_fields
Lair:5:   gammafunk_lair_ancient_temple, layout_regular_city, slime_entry_1
Shoals:1: layout_shoals, uniq_frances, uniq_jorgrun
Shoals:2: layout_shoals
Shoals:3: cheibrodos_shoals_three_sisters, layout_shoals, uniq_roxanne
Shoals:4: shoals_end_hellmonk_storm_palace [storm_palace_center_circular,
          storm_palace_corner_pillars, storm_palace_corner_narrow,
          storm_palace_corner_blocked, storm_palace_corner_altar]
Spider:1: layout_spider_delve
Spider:2: layout_spider_delve, ebering_ghost_disaster_area, uniq_asterion,
          uniq_donald, uniq_nikola
Spider:3: layout_chambers
Spider:4: spider_rune_water, spiders_nest_hornet_nest
Orc:1:    layout_caves, uniq_maurice
Orc:2:    st_orc_ogre_mass, layout_diamond_mine, rock_pile
Elf:1:    minmay_elf_arrival_circle, layout_geoelf_octagon,
          minmay_elf_necromancy, minivault_5
Elf:2:    elven_hall_of_blades_hangedman_alternative
          [nicolae_vaults_blade_armed_guards], layout_loops_ring, basic_altar
Elf:3:    elf_hall_gauntlet_narrow, layout_geoelf_grid,
          nicolae_trove_entry_crossroad, minivault_16, guppyfry_elf_castle
Vaults:1: grunt_vaults_hallway_long, nicolae_vaults_network_periphery,
          st_smaller_cells, nicolae_vaults_closet_pinwheel_4,
          nicolae_vaults_tetromino_Z_1, nicolae_vaults_closet_pinwheel_2,
          vaults_mumra_hex, nicolae_vaults_rhombus_6, hangedman_vaults_maws,
          ontoclasm_vaults_chip, layout_vaults_big_room, serial_shops, shop,
          shop, nicolae_shop_peninsula, shop
Vaults:2: mu_enter_wizlab_3, v_rooms_3, ontoclasm_vaults_echo,
          grunt_vaults_hallway_long, nicolae_vaults_what_the_h,
          dpeg_vaults_monster_box, nicolae_vaults_closet_pinwheel_1,
          nicolae_vaults_diagonal_hallway_6, layout_vaults_omnigrid, uniq_zenata
Vaults:3: ebering_ghost_disaster_area, hangedman_vaults_stretched_pinwheel,
          minmay_crypt_entry_necro_gods, v_pattern_2,
          nicolae_vaults_variable_pillar_hall, nicolae_vaults_layer_cake_slice,
          v_misc_2, hangedman_vaults_locks, v_misc_3, v_alt_pattern_5,
          layout_vaults_omnicross, serial_shops, shop
Vaults:4: nicolae_vaults_diamond_1, ontoclasm_vaults_ring_square,
          nicolae_vaults_heart-shaped_vault, nicolae_vaults_network_square,
          v_alt_pattern_1, vaults_mumra_lcd, nicolae_vaults_heart-shaped_vault,
          v_misc_29, nicolae_vaults_storage_closets_1,
          nicolae_vaults_spaceships, nicolae_vaults_trapezoid_2,
          nicolae_vaults_little_squares_6, nicolae_vaults_house_1,
          layout_vaults_ring, uniq_mennas
Vaults:5
Depths:1: layout_honeycomb, minmay_misc_feat_alley, hellmouth_2,
          minmay_evil_grid
Depths:2: kennysheep_bubble_arena, layout_long_grid, grunt_hell_entry_dis_grunt,
          rand_demon_pan_entry_1, nicolae_twisty_statue_hallways,
          doesnt_xom_only_xom, uniq_saint_roka
Depths:3: kennysheep_funnel, layout_basic, special_room [special_room_jelly],
          rand_demon_pan_entry_7, hell_entry, gammafunk_ghost_mausoleum,
          grunt_decor_arrowhead, abyss_entry
Depths:4: grunt_twist_and_shout, layout_basic, enter_ziggurat_d, hell_entry,
          nicolae_vehumet_radiance
Zot:1:    layout_gridlike, zot_minivault_3, uniq_parghit
Zot:2:    layout_concentric_octagons
Zot:3:    grunt_deathspiral_small, layout_cathedral_of_symmetry
Zot:4:    layout_concentric_octagons, st_single_dragon_hoard_3
Zot:5:    layout_misc_corridors

Skill      XL: |  1  2  3  4  5  6  7  8  9 10 11 12 13 14 15 16 17 18 19 20 21 22 23 24 |
---------------+-------------------------------------------------------------------------+-----
Spellcasting   | 3 4 5 6 8 9 10 12 14 15 18 | 18.5
Air Magic      | 2 |  2.0
Fighting       | 2 3 5 7 9 13 14 15 17 18 19 22 23 27 | 27.0
Poison Magic   | 4 6 8 10 12 14 | 14.0
Evocations     | 6 10 14 | 14.0
Dodging        | 0 |  0.0
Ice Magic      | 6 10 15 18 22 26 27 | 27.0
Transmutations | 2 10 12 14 | 14.0
Staves         | 4 |  4.0
Conjurations   | 3 7 |  7.0
Stealth        | |  1.7

Action                     |  1- 3 |  4- 6 |  7- 9 | 10-12 | 13-15 | 16-18 | 19-21 | 22-24 || total
---------------------------+-------+-------+-------+-------+-------+-------+-------+-------++-------
  Melee: Unarmed           |     2 |       |       |       |       |       |       |       ||     2
         Dagger            |    15 |    37 |    47 |       |       |       |       |       ||    99
         Tailslap          |     1 |     3 |     9 |    22 |   108 |    32 |    32 |    40 ||   247
         Punch             |       |     1 |       |       |       |       |       |       ||     1
         Demon whip        |       |       |       |   148 |   507 |       |       |       ||   655
         Staff             |       |       |       |       |     5 |   180 |   138 |   136 ||   459
  Throw: Stone             |     9 |       |       |       |       |       |       |       ||     9
   Cast: Sting             |    80 |   109 |    99 |    10 |     1 |     2 |       |       ||   301
         Poisonous Vapours |     3 |    10 |     5 |    14 |    11 |    12 |       |       ||    55
         Olgreb's Toxic Ra |       |       |    51 |   133 |   179 |   235 |    59 |    12 ||   669
         Mephitic Cloud    |       |       |     2 |     6 |     7 |     1 |       |       ||    16
         Apportation       |       |       |     1 |       |       |     2 |       |     8 ||    11
         Frozen Ramparts   |       |       |       |    18 |    29 |     2 |       |       ||    49
         Eringya's Noxious |       |       |       |     4 |    98 |    25 |    20 |       ||   147
         Ozocubu's Armour  |       |       |       |       |    14 |     6 |     7 |     4 ||    31
         Ozocubu's Refrige |       |       |       |       |    11 |   378 |   310 |   108 ||   807
         Freezing Cloud    |       |       |       |       |       |     5 |     6 |       ||    11
         Irradiate         |       |       |       |       |       |     1 |    14 |       ||    15
         Polar Vortex      |       |       |       |       |       |       |    62 |   114 ||   176
 Invoke: Sacrifice a Hand  |       |       |     1 |       |       |       |       |       ||     1
         Power Leap        |       |       |     2 |     4 |    21 |     6 |     1 |     3 ||    37
         Apocalypse        |       |       |     1 |       |     1 |     6 |     2 |     3 ||    13
         Draw Out Power    |       |       |     1 |       |       |     3 |     5 |     2 ||    11
         Sacrifice Nimblen |       |       |     1 |       |       |       |       |       ||     1
         Sacrifice Purity  |       |       |       |     2 |       |       |       |       ||     2
Ability: Breathe Frost     |       |       |     9 |    17 |    20 |    12 |     6 |     5 ||    69
  Evoke: Wand              |       |       |     3 |       |       |     2 |     5 |     5 ||    15
    Use: Scroll            |       |     6 |     5 |     7 |    14 |     6 |     6 |     8 ||    52
         Potion            |       |     1 |     2 |       |     1 |     3 |     1 |     7 ||    15
   Stab: Sleeping          |     1 |       |       |       |       |       |     1 |     1 ||     3
         Paralysed         |       |       |       |     2 |    18 |     3 |     6 |    12 ||    41
         Invisible         |       |       |       |     1 |     3 |     1 |     2 |     2 ||     9
         Distracted        |       |       |       |     2 |     1 |     1 |     3 |       ||     7
         Petrified         |       |       |       |       |     1 |       |       |       ||     1
 Armour: Skin              |    16 |    25 |    55 |    45 |   371 |   281 |   423 |   398 ||  1614
  Dodge: Dodged            |    36 |    59 |   102 |    86 |   365 |   211 |   125 |   127 ||  1111

Table legend: (Time is in decaauts)
 A = Elapsed time spent in this place.
 B = Non-inter-level travel time spent in this place.
 C = Inter-level travel time spent in this place.
 D = Time resting spent in this place.
 E = Time spent auto-exploring this place.
 F = Levels seen in this place.
 G = Mean time per level.
                   A        B        C        D        E       F      G
               +--------+--------+--------+--------+--------+-----+--------+
         Total |  95627 |  89327 |   6300 |  50560 |  24688 |  49 | 1951.6 |
       Dungeon |  24367 |  22127 |   2240 |  10198 |   8037 |  15 | 1624.5 |
        Temple |     50 |      2 |     48 |      0 |      0 |   1 |   50.0 |
          Lair |   8722 |   8115 |    607 |   3577 |   3328 |   5 | 1744.4 |
        Shoals |  10363 |  10143 |    220 |   6938 |   1750 |   4 | 2590.8 |
   Spider Nest |  12725 |  12206 |    519 |   7720 |   2893 |   4 | 3181.2 |
  Orcish Mines |   3608 |   3294 |    314 |   1789 |    817 |   2 | 1804.0 |
   Elven Halls |   6843 |   6255 |    588 |   3888 |   1483 |   3 | 2281.0 |
        Vaults |  17003 |  16027 |    976 |  10000 |   3660 |   5 | 3400.6 |
        Depths |   8500 |   7944 |    556 |   4355 |   2571 |   4 | 2125.0 |
           Zot |   3375 |   3146 |    229 |   2086 |    148 |   5 |  675.0 |
        Wizlab |     64 |     64 |      0 |      8 |      0 |   1 |   64.0 |
               +--------+--------+--------+--------+--------+-----+--------+

Top non-repeatable levels by time:
Vaults:2: 3950 daAuts
Shoals:4: 3949 daAuts
Spider:1: 3755 daAuts
Spider:4: 3715 daAuts
Vaults:1: 3436 daAuts
Vaults:3: 3392 daAuts
Vaults:4: 3323 daAuts
   Elf:3: 3195 daAuts
    D:13: 3010 daAuts
Spider:3: 2956 daAuts
Vaults:5: 2900 daAuts
   Elf:1: 2499 daAuts
Shoals:2: 2368 daAuts
    D:15: 2337 daAuts
   Orc:2: 2334 daAuts
